 Dungeon Crawl Stone Soup version 0.21-a0-529-g8c7b3f5 (webtiles) character file.

1826 Gorglomux the Ducker (level 8, -19/74 HPs)
             Began as a Deep Dwarf Wizard on Dec 9, 2017.
             Was an Initiate of Makhleb.
             Demolished by a two-headed ogre
             ... wielding a +0 giant spiked club
              (21 damage)
             ... on level 6 of the Dungeon.
             The game lasted 00:24:46 (6151 turns).

Gorglomux the Ducker (Deep Dwarf Wizard)            Turns: 6151, Time: 00:24:47

Health: -19/74     AC: 12    Str: 13    XL:     8   Next: 86%
Magic:  8/8        EV:  6    Int: 19    God:    Makhleb [......]
Gold:   219        SH:  0    Dex: 14    Spells: 9/12 levels left

rFire    . . .     SeeInvis .   e - +4 hand axe "Qulory" {venom, +Fly Dex+3}
rCold    . . .     Gourm    .   (no shield)
rNeg     . . .     Faith    .   Y - +0 plate armour
rPois    .         Spirit   .   b - +0 hat
rElec    .         Reflect  .   (no cloak)
rCorr    .         Harm     .   (no gloves)
MR       +....                  (no boots)
Stlth    ..........             (no amulet)
HPRegen  0.00/turn              (no ring)
MPRegen  0.11/turn              (no ring)

@: non-regenerating
A: damage resistance, heal wounds, sense surroundings 1, no regeneration
a: Heal Wounds, Renounce Religion, Evoke Flight


You were on level 6 of the Dungeon.
You worshipped Makhleb.
Makhleb was noncommittal.
You were not hungry.

You visited 2 branches of the dungeon, and saw 7 of its levels.

You collected 219 gold pieces.

Inventory:

Hand Weapons
 e - the +4 hand axe "Qulory" (weapon) {venom, +Fly Dex+3}
   (You found it on level 4 of the Dungeon)

   It poisons the flesh of those it strikes.
   It affects your dexterity (+3).
   It lets you fly.
 g - a +0 whip
 F - a +1 hand axe
Armour
 b - a +0 hat (worn)
 Y - a +0 plate armour (worn)
Jewellery
 U - an uncursed ring of ice {unknown}
Wands
 A - a wand of acid (8)
 O - a wand of flame (29)
Scrolls
 i - 2 scrolls of enchant weapon
 E - 4 scrolls of remove curse
 G - a scroll of immolation {unknown}
 H - a scroll of teleportation {unknown}
 N - a scroll of enchant armour {unknown}
 R - 4 scrolls of identify
Potions
 B - 2 potions of magic
 C - a potion of might {unknown}
 J - 2 potions of flight
 K - a potion of ambrosia {unknown}
 P - a potion of experience {unknown}
 Q - 4 potions of curing
 S - a potion of lignification {unknown}
 V - 2 potions of degeneration {unknown}
 W - a potion of heal wounds {unknown}
 Z - a potion of haste {unknown}
Books
 c - a book of Minor Magic

   Spells                             Type                      Level
   a - Magic Dart                     Conjuration                  1
   b - Blink                          Translocation                2
   c - Call Imp                       Summoning                    2
   d - Slow                           Hexes                        2
   e - Conjure Flame                  Conjuration/Fire             3
   f - Mephitic Cloud                 Conjuration/Poison/Air       3
Comestibles
 d - 4 bread rations
 z - 2 meat rations
 L - a royal jelly


   Skills:
 + Level 5.1 Fighting
 + Level 5.6 Axes
 + Level 6.2 Armour
 + Level 6.7 Dodging
 - Level 2.4 Stealth
 - Level 2.6 Spellcasting
 - Level 0.8 Conjurations
 - Level 0.8 Summonings
   Level 1.1 Translocations


You had 9 spell levels left.
You knew the following spells:

 Your Spells              Type           Power        Failure   Level  Hunger
a - Magic Dart            Conj           #...         100%        1    None
b - Call Imp              Summ           #.......     100%        2    ##.....


Dungeon Overview and Level Annotations

Branches:
Dungeon (6/15)             Temple (1/1) D:6

Altars:
Ashenzari
Cheibriados
Dithmenos
Elyvilon
Fedhas
Gozag
Hepliaklqana
Kikubaaqudgha
Makhleb
Nemelex Xobeh
Okawaru
Qazlal
Ru
Sif Muna
Trog
Uskayaw
Vehumet
Wu Jian
Xom
Yredelemnul
Zin
The Shining One

Annotations:
D:4 exclusion: phantom
D:5 polythemia's ghost, novice GrGl


Innate Abilities, Weirdness & Mutations

You are resistant to damage.
You can heal yourself by infusing magical energy.
You passively map a small area around you.
You do not regenerate.


Message History

* * * don't die
* * * Unknown command!
You are no longer poisoned!
You feel much better!
You feel much better!
The two-headed ogre looks more healthy!
The butt-headed ogre hits you with a giant spiked butt!!!
The two-headed ogre hits you with a giant club!!!
You dice the two-headed ogre like an onion!
The two-butt ogre is poisoned!
The two-headed ogre is moderately wounded!
The two-butt ogre barely misses you!
The two-headed ogre butts you but does no damage!
Unknown command!
You dice the two-headed ogre like an onion!
The two-headed ogre looks as sick as possible!!!
The two-headed ogre is moderately wounded!
The two-headed ogre hits you with a giant spiked club!!!!!! * * * don't die
* * * The two-headed ogre hits you with a giant club!!!!!! rip

,, ,..#... , ....... ,
* , * ##....... *
........# #........ ,
........# ##......#
........######.......#
.....?...#...........#
...........@O........#
..!....$...####......#
#...††..#* #......# ,
* #......# #...##..#
##.....# #..## ..
##.....#####..# *,
#.......##.[..#
*#........>....# , , *
#..............# *


You could see a two-headed ogre.

Vanquished Creatures
  Pikel (D:4)
  A black bear (D:6)
  Duvessa (D:5)
  A sky beast (D:6)
  An ogre (D:4)
  A slave (D:5)
  Blork the orc (D:5)
  Dowan (D:5)
  A vampire bat (D:4)
  2 howler monkeys
  A bullfrog zombie (D:5)
  A centaur zombie (D:6)
  2 hounds (D:6)
  2 centaur skeletons (D:4)
  An orc priest (D:4)
  3 orc wizards
  An iguana (D:5)
  Natasha (thrice) (D:3)
  3 worker ants
  6 adders
  2 shadow imps
  3 oozes
  A worm (D:3)
  3 dart slugs
  3 fire bats (D:4)
  4 leopard geckos
  17 orcs
  2 spectral bats (D:4)
  2 ball pythons (D:4)
  18 bats
  3 bat skeletons (D:4)
  A bat zombie (D:4)
  6 giant cockroaches
  7 goblins
  8 hobgoblins
  10 jackals
  5 kobolds
  A quokka (D:3)
  A bat simulacrum (D:4)
  8 frilled lizards
  A quokka skeleton (D:5)
  9 rats
149 creatures vanquished.

Vanquished Creatures (collateral kills)
  A jelly (D:2)
  An orc wizard (D:3)
  3 adders
  A worm (D:2)
  An orc (D:3)
  A jackal (D:2)
8 creatures vanquished.

Vanquished Creatures (others)
  2 slaves (D:5)
  A howler monkey (D:5)
  A centaur skeleton (D:5)
  A jelly (D:5)
5 creatures vanquished.

Grand Total: 162 creatures vanquished

Notes
Turn   | Place    | Note
-------+----------+-------------------------------------------
     0 | D:1      | Gorglomux the Deep Dwarf Wizard began the quest for the Orb.
     0 | D:1      | Reached XP level 1. HP: 15/15 MP: 4/4
   357 | D:1      | Reached skill level 1 in Armour
   357 | D:1      | Reached XP level 2. HP: 10/24 MP: 0/5
   605 | D:1      | Reached skill level 1 in Fighting
   712 | D:1      | Learned a level 2 spell: Call Imp
   970 | D:1      | Reached XP level 3. HP: 22/31 MP: 1/7
  1369 | D:2      | Reached skill level 3 in Dodging
  1847 | D:2      | Reached XP level 4. HP: 39/39 MP: 1/8
  2071 | D:2      | Found a burning altar of Makhleb.
  2633 | D:3      | Reached skill level 1 in Axes
  2710 | D:3      | Reached XP level 5. HP: 25/45 MP: 8/8
  2961 | D:3      | Noticed Natasha
  2969 | D:3      | Killed Natasha
  2977 | D:3      | Reached skill level 3 in Armour
  3040 | D:3      | Noticed Natasha
  3048 | D:3      | Killed Natasha
  3048 | D:3      | Noticed Natasha
  3078 | D:3      | Killed Natasha
  3230 | D:3      | Reached XP level 6. HP: 29/55 MP: 7/9
  3743 | D:4      | Found an ornate altar of the Wu Jian Council.
  3902 | D:4      | Reached skill level 3 in Fighting
  3922 | D:4      | Got a dazzling hand axe
  3923 | D:4      | Identified the +4 hand axe "Qulory" {venom, +Fly Dex+3} (You found it on level 4 of the Dungeon)
  4309 | D:4      | Reached skill level 3 in Axes
  4312 | D:4      | Reached XP level 7. HP: 20/62 MP: 5/9
  4446 | D:5      | Entered Level 5 of the Dungeon
  4469 | D:5      | Noticed Pikel
  4471 | D:5      | Noticed polythemia's ghost (novice GrGl)
  4486 | D:4      | Killed Pikel
  4486 | D:4      | Reached XP level 8. HP: 6/72 MP: 10/10
  4553 | D:5      | Found a radiant altar of Vehumet.
  4839 | D:5      | Noticed Blork the orc
  4851 | D:5      | Killed Blork the orc
  4852 | D:5      | Reached skill level 6 in Dodging
  5107 | D:5      | Noticed Dowan
  5109 | D:5      | Noticed Duvessa
  5115 | D:5      | Killed Dowan
  5130 | D:5      | Killed Duvessa
  5530 | D:6      | Reached skill level 6 in Armour
  5552 | D:6      | Found a staircase to the Ecumenical Temple.
  5585 | Temple   | Entered the Ecumenical Temple
  5867 | D:2      | Became a worshipper of Makhleb the Destroyer
  5868 | D:2      | ...
  6124 | D:6      | Noticed a two-headed ogre
  6143 | D:6      | HP: 3/74 [two-headed ogre/giant spiked club (24)]
  6143 | D:6      | HP: 1/74 [two-headed ogre/giant spiked club (2)]
  6151 | D:6      | HP: 2/74 [two-headed ogre/giant spiked club (23)]
  6151 | D:6      | Demolished by a two-headed ogre

Vault maps used:
D:1:      lightli_arrival_maybe_door_vault, hangedman_decor_growths
D:2:      nicolae_overflow_hidden_temple
D:3:      kennysheep_six_static_rooms, first_bread, uniq_natasha
D:4:      lemuel_doored_altar, goddamned_bats
D:5:      basic_altar, serial_co_window_serial, co_window_paths_b,
          co_window_of_opportunity_a, co_window_paths_a, co_window_paths_a,
          co_window_paths_b, co_window_of_opportunity_a,
          co_window_of_opportunity_a, co_window_cross_1, co_window_corner_a,
          co_window_2corner, co_window_unsneaky_path_b, co_window_corner_cb,
          co_window_broadway_c, co_window_sun, glass_columns_a, glass_columns_b,
          glass_columns_a, uniq_blork_the_orc, uniq_pikel, uniq_duvessa
D:6:      minmay_temple_entry_junction_2
Temple:   regret_index_temple_chain_breaker

Skill      XL: |  1  2  3  4  5  6  7  8 |
---------------+-------------------------+-----
Armour         | 1 2 3 4 5 6 |  6.2
Fighting       | 1 2 3 4 5 |  5.1
Dodging        | 3 4 5 6 |  6.7
Axes           | 1 2 3 4 5 |  5.6
Stealth        | |  2.4
Spellcasting   | |  2.6
Conjurations   | |  0.8
Summonings     | |  0.8
Translocations | |  1.1

Action                   |  1- 3 |  4- 6 |  7- 9 || total
-------------------------+-------+-------+-------++-------
Melee: Whip              |    62 |     2 |       ||    64
       Hand axe          |       |   234 |   177 ||   411
 Cast: Magic Dart        |    82 |    89 |     2 ||   173
       Call Imp          |     6 |    15 |       ||    21
 Abil: Heal Wounds       |     2 |     8 |    13 ||    23
  Use: Scroll            |       |       |     5 ||     5
 Stab: Sleeping          |     1 |     2 |     2 ||     5
  Eat: Chunk             |     3 |    10 |     6 ||    19
Armor: Robe              |    15 |    31 |    20 ||    66
       Plate armour      |       |       |    46 ||    46
Dodge: Dodged            |    42 |   165 |   136 ||   343

Table legend:
 A = Spawn XP
 B = Non-spawn XP
 C = Spawn XP percentage of total XP
 D = Spawn monster count
 E = Non-spawn monster count
 F = Spawn count percentage of total count
 G = Total turns spent on level
                    A         B        C        D         E        F      G
               +---------+---------+-------+---------+---------+-------+---------
         Total |       0 |    2609 |   0.0 |       0 |     157 |   0.0 |  6151
               +---------+---------+-------+---------+---------+-------+---------
           D:1 |       0 |      49 |   0.0 |       0 |      25 |   0.0 |  1325
           D:2 |       0 |     108 |   0.0 |       0 |      25 |   0.0 |   982
           D:3 |       0 |     262 |   0.0 |       0 |      45 |   0.0 |  1372
           D:4 |       0 |    1139 |   0.0 |       0 |      35 |   0.0 |   961
           D:5 |       0 |     541 |   0.0 |       0 |      15 |   0.0 |  1067
           D:6 |       0 |     510 |   0.0 |       0 |      12 |   0.0 |   269
               +---------+---------+-------+---------+---------+-------+---------
